Cogmind - Beta 15 @@@ ROGUE MODE // 2025.06.03 @ 14:27:05 Player: 3.14 Result: Destroyed by S-10 Pest with Light Assault Rifle Performance ------------- Evolutions (0) 0 Regions Visited (3) 600 Robots Destroyed (43) 215 Value Destroyed (988) 988 Prototype IDs (3) 60 Alien Tech Used (0) 0 Bonus (0) 0 TOTAL SCORE: 1863 Bonus ------- None Cogmind --------- Core Integrity 0/250 Matter 276/300 Energy 200/200 System Corruption 2% Temperature Cool (0) Movement Treading (320) Ox2 Location -10/Subcaves Parts ------- > --- POWER (1) -------- Subdweller Power Source > --- PROPULSION (2) --- Light Treads Light Treads > --- UTILITY (2) ------ Huge Storage Unit Gun Armor > --- WEAPON (2+2) ----- Light Assault Rifle (+) Light Assault Rifle (fused) (+) Subdweller Machine Gun Subdweller Machine Gun > --- INVENTORY (25) --- Improved Aluminum Leg Improved Aluminum Leg Improved Aluminum Leg Improved Aluminum Leg Heat Sink High-capacity Matter Pod (200) Improved Sensor Array Scrap Shield High-powered Tractor Beam Subdweller Laser Light EM Pulse Cannon Light EM Pulse Cannon Assault Rifle Light Assault Rifle Autogun Autogun Assault Cannon Grenade Launcher Grenade Launcher Subdweller Shrapnel Launcher Mining Laser Makeshift Axe Peak State ------------ > --- POWER ------------ Subdweller Power Source > --- PROPULSION ------- Light Treads Light Treads > --- UTILITY ---------- Huge Storage Unit Gun Armor > --- WEAPON ----------- Light Assault Rifle Light Assault Rifle Autogun Makeshift Axe > --- INVENTORY -------- Improved Aluminum Leg Improved Aluminum Leg Improved Aluminum Leg Improved Aluminum Leg Heat Sink High-capacity Matter Pod Improved Sensor Array Scrap Shield High-powered Tractor Beam Subdweller Laser Light EM Pulse Cannon Light EM Pulse Cannon Assault Rifle Light Assault Rifle Autogun Subdweller Machine Gun Subdweller Machine Gun Assault Cannon Grenade Launcher Grenade Launcher Subdweller Shrapnel Launcher Mining Laser [Rating: 26] Favorites ----------- Power Subdweller Power Source Engine Subdweller Power Source Propulsion Light Treads Treads Light Treads Leg Aluminum Leg Utility Huge Storage Unit Device Heat Sink Storage Huge Storage Unit Processor Targeting Computer Protection Gun Armor Weapon Autogun Energy Gun Particle Gun Ballistic Gun Autogun Ballistic Cannon Light Cannon Launcher Grenade Launcher Slashing Weapon Makeshift Axe Build | -11 -10 -10 -10 ------- Run | Yrd Mat Min Sub Slots Evolved . | . . . . Power . | . . . . Propulsion . | . . . . Utility . | . . . . Weapon . | . . . . Parts Attached 33 | 3 10 1 19 Power 5 | . 1 . 4 Engine 5 | . 1 . 4 Core . | . . . . Reactor . | . . . . Propulsion 5 | 2 . 1 2 Treads 5 | 2 . 1 2 Leg . | . . . . Wheel . | . . . . Hover . | . . . . Flight . | . . . . Utility 6 | . 4 . 2 Device 1 | . 1 . . Storage 2 | . 2 . . Processor 2 | . 1 . 1 Hackware . | . . . . Protection 1 | . . . 1 Artifact . | . . . . Weapon 17 | 1 5 . 11 Energy Gun 1 | . 1 . . Energy Cannon . | . . . . Ballistic Gun 11 | 1 2 . 8 Ballistic Cannon 2 | . 1 . 1 Launcher 2 | . 1 . 1 Special Weapon . | . . . . Impact Weapon . | . . . . Slashing Weapon 1 | . . . 1 Piercing Weapon . | . . . . Special Melee Weapon . | . . . . Unidentified Prototypes 1 | . . . 1 Parts Lost 7 | . . . 7 Power 1 | . . . 1 Propulsion 2 | . . . 2 Utility . | . . . . Weapon 4 | . . . 4 Highest Loss Streak 3 | . . . 3 To Critical Strikes . | . . . . Average Backups 21 | 6 16 24 22 Power . | 1 1 1 . Propulsion 5 | 4 5 7 4 Utility 4 | . 2 4 5 Weapon 10 | 1 7 11 11 Tool/Special . | . . . . Unused Backups 27 | . 11 1 15 Power 3 | . 3 . . Propulsion 8 | . 3 1 4 Utility 6 | . 1 . 5 Weapon 10 | . 4 . 6 Tool/Special . | . . . . Average Slot Usage (%) 99 | . 98 100 99 Engine 12 | . 14 14 12 Treads 26 | . 28 28 24 Storage 13 | . 14 14 12 Processor 8 | . 12 14 6 Protection 3 | . . . 5 Energy Gun 1 | . 5 . . Ballistic Gun 30 | . 20 27 35 Peak Build Rating 26 | 6 12 12 26 Average Rating 16 | 6 10 12 19 On Entrance 9 | 6 6 12 12 Naked Turns . | . . . . Heaviest Build 100 | 11 91 91 100 Greatest Support 40 | 40 40 40 40 Greatest Overweight (x) 2 | . 2 2 2 Average Overweight (x) 1 | . 1 2 2 Largest Inventory Capacity 25 | 8 25 25 25 Average Capacity 24 | 8 21 25 25 Most Carried 25 | 6 24 25 25 Average Carried 21 | 6 17 24 23 Final Capacity 25 | 8 25 25 25 Final Carried 24 | 6 23 24 23 Class Distribution -------------------- 58% | Mutant 28% | Gunner 7% | Scavenger-Mutant 5% | Scavenger-Gunner Dominant Class ---------------- Mutant | -10/Materials Mutant | -10/Mines Gunner | -10/Subcaves Resources | -11 -10 -10 -10 ----------- Run | Yrd Mat Min Sub Matter Collected 1769 | 200 330 479 760 Remotely . | . . . . Salvage Created 1274 | . 488 240 546 Parts 90 | . 32 20 38 Haulers Intercepted 2 | . 2 . . Recyclers Shooed 1 | . 1 . . Parts Field Recycled . | . . . . Retrieved Matter . | . . . . Parts Self-Destructed 13 | . . . 13 Prevented . | . . . . Kills | -11 -10 -10 -10 ------- Run | Yrd Mat Min Sub Combat Hostiles Destroyed 35 | . 11 9 15 Guns 22 | . 5 3 14 Cannons 4 | . 3 . 1 AOE 9 | . 3 6 . Classes Destroyed 10 | . 6 2 2 Worker 1 | . 1 . . Builder 1 | . . 1 . Tunneler 1 | . 1 . . Hauler 2 | . 2 . . Recycler 2 | . . 2 . Watcher 1 | . 1 . . Swarmer 15 | . 3 9 3 Grunt 8 | . 8 . . Sentry 1 | . . . 1 Subdweller 11 | . . . 11 Best Kill Streak 9 | . 4 9 3 Combat Bots Only 6 | . 3 6 3 Max Kills in Single Turn 4 | . 2 4 1 Gunslinging . | . . . . Exploded 4 | . 2 4 . Melee . | . . . . Uniques/NPCs Destroyed . | . . . . Combat | -11 -10 -10 -10 -------- Run | Yrd Mat Min Sub Hostile Shots Fired 164 | . 37 32 95 Missed 47 | . 11 10 26 Hits 117 | . 26 22 69 Projectile 117 | . 26 22 69 Critical Strikes 4 | . 1 . 3 Damage Taken 1651 | . 307 165 1179 Core 254 | . 90 21 143 Absorbed by Shields . | . . . . Core Remaining (%) 100 | 100 . . . Volleys Fired 129 | . 48 18 63 Largest 4 | . 2 2 4 Hottest 105 | . 105 46 100 Shots Fired 241 | . 88 32 121 Gun 208 | . 70 28 110 Cannon 25 | . 14 . 11 Launcher 8 | . 4 4 . Special . | . . . . Kinetic 209 | . 60 28 121 Thermal 24 | . 24 . . Explosive 8 | . 4 4 . Electromagnetic . | . . . . Robot Hit Streak 29 | . 14 4 29 Robot Miss Streak 7 | . 4 2 7 Penetration Max . | . . . . Secondary Targets 1 | . . 1 . Max Gunslinging Chain 1 | . . 1 . Shots Hit Robots 155 | . 58 16 81 Core Hits 65 | . 23 16 26 Critical Kills 2 | . . . 2 Critical Parts Destroyed . | . . . . Critical Strikes 2 | . . . 2 Destroy 2 | . . . 2 Melee Attacks 3 | . . . 3 Impact . | . . . . Slashing 3 | . . . 3 Piercing . | . . . . Sneak Attacks . | . . . . Combat Hostiles . | . . . . Follow-up Attacks . | . . . . Damage Inflicted 2954 | . 1096 490 1368 Guns 2054 | . 668 269 1117 Cannons 422 | . 171 . 251 Explosions 462 | . 246 216 . Melee . | . . . . Ramming 16 | . 11 5 . Kinetic 2275 | . 638 269 1368 Thermal 201 | . 201 . . Explosive 462 | . 246 216 . Electromagnetic . | . . . . Impact . | . . . . Slashing . | . . . . Piercing . | . . . . Highest Corruption 2 | . 2 2 2 Average Corruption 1 | . 1 2 2 Corruption Purged . | . . . . Corruption Blocked . | . . . . Effects 47 | . 2 7 38 Message Errors 10 | . . 3 7 Matter Fused 13 | . . . 13 Heat Flow Errors 9 | . 1 2 6 Energy Discharges 4 | . . . 4 Parts Rejected 2 | . . . 2 Parts Fused 1 | . . . 1 Data Loss (minor) 5 | . 1 1 3 Data Loss (major) 1 | . . 1 . Misfires 1 | . . . 1 Alerts 1 | . . . 1 Overload Shots . | . . . . Overflow Damage 9 | . 9 . . Projectiles 4 | . 4 . . Explosions 5 | . 5 . . Melee . | . . . . Knockbacks 8 | . 3 . 5 Impact . | . . . . Kinetic 7 | . 3 . 4 Secondary 1 | . . . 1 Self-Inflicted Damage 15 | . 15 . . Shots 1 | . 1 . . Rammed 2 | . 1 1 . Targets Rammed 3 | . 2 1 . Kicked . | . . . . Crushed 1 | . 1 . . Highest Temperature 264 | . 212 180 264 Average Temperature 53 | . 42 41 109 Received Heat Transfer 580 | . 141 . 439 Siege Activations . | . . . . Martial Activations . | . . . . Shielding Activations . | . . . . Robots Disrupted . | . . . . Combat Hostiles . | . . . . Robots Corrupted . | . . . . Combat Hostiles . | . . . . Parts Fried . | . . . . Impact Corruptions . | . . . . Robots Melted . | . . . . Combat Hostiles . | . . . . Parts Melted . | . . . . Heat Transferred 471 | . 471 . . Parts Sabotaged . | . . . . Parts Stolen . | . . . . Parts Stripped . | . . . . Power Chain Reactions . | . . . . Alert | -11 -10 -10 -10 ------- Run | Yrd Mat Min Sub Maximum Alert Level . | . . . . Low Security (%) 100 | 100 100 100 . Level 1 . | . . . . Level 2 . | . . . . Level 3 . | . . . . Level 4 . | . . . . Level 5 . | . . . . High Security . | . . . . Max Security . | . . . . Peak Influence 161 | . 99 161 . Initial 36 | . . 36 . Average 28 | . 14 57 . Influence Increases 728 | . 352 241 135 Destroy 0b10 Robot/C 480 | . 220 180 80 Destroy 0b10 Robot/NC 40 | . 25 15 . Destroy Leader 106 | . 66 30 10 Successful Hack 12 | . 12 . . Disable Machine 15 | . 15 . . Destroy Structure 30 | . 14 16 . Lose Combat Pursuer 45 | . . . 45 Influence Decreases 684 | . 257 333 94 Entered New Map 62 | . . 59 3 Time Decay 622 | . 257 274 91 Squads Dispatched 4 | . 3 1 . Investigation 2 | . 1 1 . Extermination . | . . . . Reinforcement 2 | . 2 . . Assault . | . . . . Garrison . | . . . . Intercept . | . . . . Searches Triggered . | . . . . Construction Impeded . | . . . . Haulers Reinforced . | . . . . Active Scanning Responses . | . . . . Cargo Convoy Interrupts . | . . . . Stealth | -11 -10 -10 -10 --------- Run | Yrd Mat Min Sub Distress Signals . | . . . . Communications Jammed . | . . . . Distress Signals . | . . . . Times Spotted 50 | . 21 9 20 Peak Tracking Total 6 | . 4 6 6 Tactical Retreats 1 | . . . 1 Traps | -11 -10 -10 -10 ------- Run | Yrd Mat Min Sub Traps Triggered 3 | . 3 . . Indirectly . | . . . . Trap Hack Attempts . | . . . . Triggered . | . . . . Disarmed . | . . . . Reprogrammed . | . . . . Reused . | . . . . Traps Extracted . | . . . . Installed . | . . . . Triggered . | . . . . Machines | -11 -10 -10 -10 ---------- Run | Yrd Mat Min Sub Machines Disabled 3 | . 2 . 1 Max in Single Turn 1 | . 1 . 1 Machines Repaired . | . . . . Machines Dismantled . | . . . . Machines Sabotaged . | . . . . Overloaded Fab Kills . | . . . . Hacking | -11 -10 -10 -10 --------- Run | Yrd Mat Min Sub Machines Accessed 5 | . 4 1 . Terminals 4 | . 4 . . Fabricators . | . . . . Repair Stations . | . . . . Recycling Units . | . . . . Scanalyzers . | . . . . Garrison Access . | . . . . Total Hacks 13 | . 12 1 . Successful 7 | . 6 1 . Failed 6 | . 6 . . Catastrophic . | . . . . Database Lockouts . | . . . . Manual 11 | . 11 . . Terminals 12 | . 12 . . Fabricators . | . . . . Repair Stations . | . . . . Recycling Units . | . . . . Scanalyzers . | . . . . Garrison Access . | . . . . Terminal Hacks 3 | . 2 1 . Robot Analysis 1 | . 1 . . Prototype ID Bank 1 | . 1 . . Open Door 1 | . . 1 . Fabricator Hacks . | . . . . Repair Station Hacks . | . . . . Recycling Unit Hacks . | . . . . Scanalyzer . | . . . . Garrison Access Hacks . | . . . . Unauthorized Hacks 4 | . 4 . . Terminals 4 | . 4 . . Skim 4 | . 4 . . Fabricators . | . . . . Repair Stations . | . . . . Recycling Units . | . . . . Scanalyzers . | . . . . Garrison Access . | . . . . Data Cores Recovered . | . . . . Used . | . . . . Hacking Detections 4 | . 4 . . Full Trace Events . | . . . . Feedback Events . | . . . . Feedback Blocked . | . . . . Robot Schematics Acquired . | . . . . Robots Built . | . . . . Authchips . | . . . . Time . | . . . . Total Robot Build Rating . | . . . . Part Schematics Acquired . | . . . . Parts Built . | . . . . Authchips . | . . . . Time . | . . . . Total Part Build Rating . | . . . . Parts Repaired . | . . . . Time . | . . . . Parts Recycled . | . . . . Recycled Matter . | . . . . Retrieved Matter . | . . . . Retrieved Components . | . . . . Parts Scanalyzed . | . . . . Part Schematics Acquired . | . . . . Parts Damaged . | . . . . Bothacking | -11 -10 -10 -10 ------------ Run | Yrd Mat Min Sub Used RIF Installer . | . . . . Robots Hacked . | . . . . Non-combat . | . . . . Combat . | . . . . Robot Hacks Applied . | . . . . Relay Couplers Released . | . . . . Fabnet Peak Effective % . | . . . . Robots Rewired . | . . . . Allies Hacked . | . . . . Hacks Repelled . | . . . . Allies | -11 -10 -10 -10 -------- Run | Yrd Mat Min Sub Total Allies . | . . . . Largest Group . | . . . . Highest-Rated Group . | . . . . Highest-Rated Ally . | . . . . Total Orders . | . . . . Ally Attacks . | . . . . Total Damage . | . . . . Kills . | . . . . Allies Corrupted . | . . . . Allies Melted . | . . . . Intel | -11 -10 -10 -10 ------- Run | Yrd Mat Min Sub Active Infowar (turns) . | . . . . Robot Analysis Total 1 | . 1 . . Derelict Logs Recovered 1 | . . . 1 Drone Launches . | . . . . Drone Recoveries . | . . . . Exploration | -11 -10 -10 -10 ------------- Run | Yrd Mat Min Sub Turns Passed 5126 | 5 1244 612 3265 Spaces Moved 1554 | 1 429 173 951 Core . | . . . . Treads 1554 | 1 429 173 951 Legs . | . . . . Wheels . | . . . . Hover . | . . . . Flight . | . . . . Fastest Speed 160 | 160 160 320 320 Average Speed 299 | 160 245 320 320 Slowest Speed 320 | 160 320 320 320 Overloaded Moves . | . . . . Propulsion Burnouts . | . . . . Robots Hopped . | . . . . Potential Cave-ins . | . . . . Cave-ins Triggered . | . . . . Exploration Rate (%) 41 | 2 61 35 67 Regions Visited 3 Branch Regions 2 Pre-discovered Areas . | . . . . Known Exits Taken . | . . . . Unknown Exits Taken 3 | 1 1 1 . Scrap Searched 1 | . . . 1 Spaces Dug . | . . . . Terrain Destroyed 39 | . 21 18 . Melee . | . . . . Projectile . | . . . . AOE 39 | . 21 18 . Terrain Rammed . | . . . . Walls Destroyed . | . . . . Machines Disabled . | . . . . Actions | -11 -10 -10 -10 --------- Run | Yrd Mat Min Sub Total 1812 | 3 543 205 1061 Wait 21 | . 10 4 7 Move 1551 | . 428 172 951 Hop . | . . . . Pick Up 43 | . 30 4 9 Fast Attach 3 | . 1 . 2 Attach 13 | . 3 . 10 Detach . | . . . . Swap 25 | 3 7 3 12 Drop 20 | . 14 3 3 Fire 129 | . 48 18 63 Melee 3 | . . . 3 Ram . | . . . . Kick . | . . . . Crush 3 | . 2 1 . Escape Stasis . | . . . . Rewire 1 | . . . 1 Trap . | . . . . Miscellaneous . | . . . . Route ------- -11/Scrapyard -10/Materials (discovered 3 exits: [*Mat] / *Min x2) -10/Mines -10/Subcaves (discovered 1 exit: [*Mat]) History --------- Turn | Location | Event 6 | -11/Scrapyard | Discovered new exit (range 0) 6 | -11/Scrapyard | Entered Materials 310 | -10/Materials | Build established: Mutant 421 | -10/Materials | Discovered new exit (range 12) 747 | -10/Materials | Discovered new exit (range 14) 928 | -10/Materials | Discovered new exit (range 5) 1206 | -10/Materials | Derelicts attacked the area 1250 | -10/Materials | Entered Mines 1255 | -10/Mines | Met a Derelict shopkeep closing up shop 1805 | -10/Mines | Discovered new exit (range 10) 1862 | -10/Mines | Entered Subcaves 2012 | -10/Subcaves | Discovered new exit (range 11) 2034 | -10/Subcaves | Shifting Twisted Machinery released Scrap Shield 2047 | -10/Subcaves | Shifting Twisted Machinery released Shrapnel Trap 2242 | -10/Subcaves | Shifting Twisted Machinery released Sub. Monowheel 2387 | -10/Subcaves | Lost 3 parts (1p2w) 2457 | -10/Subcaves | Core integrity fell below 50% 2575 | -10/Subcaves | Shifting Twisted Machinery released Flamer 2594 | -10/Subcaves | Shifting Twisted Machinery released Sub. Monowheel 2944 | -10/Subcaves | Learned Materials stockpile data 3278 | -10/Subcaves | Build established: Scavenger-Mutant 3369 | -10/Subcaves | A Subdweller sparked back to life 3369 | -10/Subcaves | A Subdweller sparked back to life 3369 | -10/Subcaves | A Subdweller sparked back to life 3394 | -10/Subcaves | Core integrity fell below 20% 3425 | -10/Subcaves | Found Prototype Protection 3426 | -10/Subcaves | Identified Gun Armor 3428 | -10/Subcaves | Attached Gun Armor, gained temporary slots: Weapon x2 3690 | -10/Subcaves | A swath of the cavern ceiling suddenly collapsed 3721 | -10/Subcaves | Build established: Gunner 5127 | -10/Subcaves | Destroyed by S-10 Pest with Light Assault Rifle Last Messages --------------- 04976_ VU-FBR(u) builds Twisted Machinery. 04977_ MC-7LE(u) deconstructs Twisted Machinery. 04978_ Subatomizers dissect the Disposable Heat Sink, destroying it. 04978_ VU-FBR(u) builds Twisted Machinery. 04979_ MC-7LE(u) deconstructs Twisted Machinery. 04980_ VU-FBR(u) builds Twisted Machinery. 04981_ MC-7LE(u) deconstructs Twisted Machinery. 04982_ VU-FBR(u) builds Twisted Machinery. 04983_ MC-7LE(u) deconstructs Twisted Machinery. 04984_ VU-FBR(u) builds Twisted Machinery. 04985_ MC-7LE(u) deconstructs Twisted Machinery. 04986_ VU-FBR(u) builds Twisted Machinery. 04987_ MC-7LE(u) deconstructs Twisted Machinery. 04989_ System corrupted: Matter fused (-5). 04989_ MC-7LE(u) deconstructs Twisted Machinery. 05015_ Acquired 23 matter. 05018_ Acquired 12 matter. 05108_ Acquired 15 matter. 05114_ Acquired 57 matter. 05117_ Machine disabled. Map ----- +----------------------------------------------------+ | " "#??????????????????# #?????????# #????? | | = "#?????????????????? ??????????# ######? | | ## ##??????????????????# ??????????# ## # ## | | ##??????????????????????# ??????????# | | ????????????????????????# ?????????# ##&& ## ## | | ????????????????????????? ????????# ## & #?? ## | | ?????????????????????????#???????# #&= ##?? # | | ???????????????????????????????? ## ### # | | ?????????????????????????????? #?# ## # | | ?????????????????????????????? ??# | | ???????????????????????????? ### | | ???????????????????????????? # # | | ???????????????????????????? | | ?????????????????????????????# % | | ?????????????????????????????## # ## | | ?????????????????????????????#### ### | | ????????????????????????????? ??## # # | | ????????????????????????????? ??## # # | | ?????????????"??????????####? ## # ## #??# | | ????????????? ????????#% #? ##?##?# #???## | | ???????????? #######& ## #???? ?????# | | ????????????"" % % # " ##??# ??????## | | ????????????? s " ##?# ???????# | | ?????????????????? s& & #? "#?? ???????# | | ??????????????????????##ss ##""#???? ????## | | ??????????????????????#" @!& "#???? ????## | | ??????????????????#####" "##??? #???# | | ??????????????????# "" "##?## #????## | | ?????????????????# "" "####" #????????# | | ?????????????????# " " ### """"#?????????#" | | ?????????????????# """"""" # # #"""#?????????#"" | | ???????????????? "####" ##? #????????##% | | ??????????????? ""#???## "" #??###??????#"| | | ??????????????? """#?????####" "#?## #??????## | | ???????????????###???????????#"" #### ##?????## | | ?????????????????????????????# & ####### | | ?????????????????????????????# "##"%&% | | ?????????????????????????????# " " | | ?????????????????????????????# ##### " ## "" | | ?????????????????????????????####???### " #### "" | | ??????????????????????????????????????####" #?##"" | | ?????????????????????????????????????????# ###"" | | ?????????????????????????????????????????# " " | | ?????????????????????????????????????????# " | | ?????????????????????????????????????????# "" ## | | ???????????????????????????????????????### " ### | | ???????????????????????????????????????# ##" | | ??????????????????????????????????????## ##" | | ?????????????????????????????????????##"" "## "### | | ????????????????????????????????????## "" ## ## | +----------------------------------------------------+ Best States ------------- Heat Dissipation 35 Energy Generation 15 Energy Capacity 250 Matter Stores 300 Matter Capacity 300 Sight Range 16 Terrain Scan Density 10 Armor Coverage 60 Evasion (%) 40 Targeting Accuracy 10 Recoil Reduction 2 Item Schematics ----------------- None Robot Schematics ------------------ None Fabricated ------------ Nothing Repaired ---------- Nothing Alien Tech Used ----------------- None Achievements -------------- None Challenges ------------ None Game ------ Seed WarlordMicroCharger Manual? 0 Play Time 00:17:49 Cumulative 926.3 hours Start 2025.06.03 @ 14:15:11 End 2025.06.03 @ 14:27:05 Sessions 1 Manual Loads 0 Difficulty Rogue Special Mode None Game No. 1517 Rogue 1517 Adventurer 0 Explorer 0 Win Type - Total 91 Types 54/1/16/14/4/0/0/1/0/1 Lore% 90 Gallery% 83 Achievement% 85 Wizard Run 0 Options --------- Layout 0 ASCII 1 Keyboard 0 Movement Numpad Keybinds 1 Fullscreen 2 Font 18/SmallcapsGlow Map View 76x50 Zoom Use 0% Tactical HUD 1 Map Filters NONE Filters NONE Steam 1 RUN: f7fcd59c-09cd-4dcb-b968-431f4c9c1a82